 Dungeon Crawl Stone Soup version 0.30-a0-534-gdc55766716 (webtiles) character file.

Game seed: 5983917864120486387

0 drugrobin the Sneak (level 1, 0/18 HPs)
             Began as a Demigod Delver on Dec 24, 2022.
             Slain by an ufetubus (1 damage)
             ... on level 5 of the Dungeon.
             The game lasted 00:02:30 (217 turns).

drugrobin the Sneak (Demigod Delver)                 Turns: 217, Time: 00:02:31

Health: 0/18       AC:  4    Str: 13    XL:     1   Next: 0%
Magic:  3/3        EV: 11    Int: 12    God:
Gold:   0          SH:  0    Dex: 15    Spells: 0/0 levels left

rFire   . . .      SeeInvis .      - Unarmed
rCold   . . .      Faith    .    (no shield)
rNeg    . . .      Spirit   .    a - +0 leather armour
rPois   .          Reflect  .    h - +0 helmet
rElec   .          Harm     .    (no cloak)
rCorr   .          Rampage  .    (no gloves)
Will    .....                    (no boots)
Stlth   +++                      (no amulet)
HPRegen 0.23/turn                (no ring)
MPRegen 0.08/turn                (no ring)

@: hasted, very quick
A: high MP 1, forlorn, divine attributes
a: no special abilities


You were on level 5 of the Dungeon.
You visited 1 branch of the dungeon, and saw 2 of its levels.

Inventory:

Armour
 a - a +0 leather armour (worn)
 h - a +0 helmet (worn)
Magical Staves
 i - a staff of air
Wands
 f - a wand of digging (3)
Scrolls
 b - a scroll of fog


   Skills:
 - Level 2.6 Fighting
 - Level 1.7 Dodging
 - Level 4.5 Stealth
 + Level 1.7 Unarmed Combat
 + Level 0.0 Spellcasting


You couldn't memorise any spells.
You didn't know any spells.
Your spell library contained the following spells:

 Spells                   Type           Power      Damage    Failure   Level
 Blink                    Tloc           0%         N/A       54%         2
 Momentum Strike          Conj/Tloc      0%         3d8       54%         2
 Lesser Beckoning         Tloc           0%         N/A       77%         3


Dungeon Overview and Level Annotations

Branches:
Dungeon (6/15)             Temple (0/1) D:6

Annotations:
D:6 exclusions: jelly and phantom


Innate Abilities, Weirdness & Mutations

You have an increased reservoir of magic. (+10% MP)
You shall have no god before yourself.
Your divine heritage dramatically boosts your attributes as you level up.


Message History

The ufetubus barely misses you. The orc closely misses you.
The ufetubus barely misses you. The ufetubus closely misses you.
The ufetubus attacks as you move away! The ufetubus hits you.
* * * LOW HITPOINT WARNING * * *
The ufetubus misses you. The orc attacks as you move away!
The orc hits you with a +0 short sword.
* * * LOW HITPOINT WARNING * * *
Found 15 gold pieces.
Unknown command.
Unknown command.
The ufetubus attacks as you move away! The ufetubus misses you.
The ufetubus barely misses you. The orc attacks as you move away!
The orc hits you with a +0 hand axe.
* * * LOW HITPOINT WARNING * * *
The ufetubus hits you but does no damage.
The ufetubus barely misses you.
Unknown command.
Unknown command.
As you read the scroll labelled GOLIUT MIOK, it crumbles to dust.
It is a scroll of identify.
You don't currently have any unidentified items.
The ufetubus hits you but does no damage.
The ufetubus hits you.
* * * LOW HITPOINT WARNING * * *
Unknown command.
Unknown command.
You feel yourself speed up.
The ufetubus hits you but does no damage.
The ufetubus hits you.
* * * LOW HITPOINT WARNING * * *
An orc comes into view. It is wielding a +0 trident.
The ufetubus completely misses you.
The ufetubus hits you but does no damage.
Unknown command.
The ufetubus attacks as you move away! The ufetubus barely misses you.
The ufetubus hits you.
* * * LOW HITPOINT WARNING * * *
Unknown command.
The ufetubus attacks as you move away! The ufetubus hits you.
You die...

5...... .##.........#
............#
#..........#
###..........#
.....o........ ##.
#...........
#....########oo.........
.......@5.o.oo......>#.#
.....$.....S##.#######.#
###.##########...# #.# #
###.# #.# #.#####.#
#....)... ##..>....
##...... #......


You could see an adder, 5 orcs and an ufetubus.

Vanquished Creatures (others)
  5 plants (D:6)
5 creatures vanquished.

Notes
Turn   | Place    | Note
-------+----------+-------------------------------------------
     0 | D:5      | drugrobin the Demigod Delver began the quest for the Orb.
     0 | D:5      | Reached XP level 1. HP: 18/18 MP: 3/3
    36 | D:5      | Noticed an orc priest
    84 | D:6      | Noticed a phantom
   124 | D:6      | Noticed a jelly
   150 | D:6      | Noticed an iguana
   164 | D:6      | Noticed a steam dragon
   177 | D:6      | Noticed a jelly
   189 | D:6      | Noticed an ogre
   199 | D:6      | Noticed a scorpion
   217 | D:5      | Slain by an ufetubus

Illustrated notes

Levels and vault maps discovered:
D:5:      layout_rooms, nicolae_overflow_crystal_walls, kennysheep_slug_shrine,
          nicolae_ossuary_entry_false_entrances
D:6:      kennysheep_housing_project, layout_loops_corners,
          mainiacjoe_overflow_tiny_flanked, nicolae_sif_muna_little_library,
          minmay_temple_entry_trees, nicolae_lava_and_water, uniq_edmund

Action                   || total
-------------------------++-------
  Use: Scroll            ||     3
       Potion            ||     1
Armor: Leather armour    ||     5
Dodge: Dodged            ||    15

Table legend: (Time is in decaauts)
 A = Elapsed time spent in this place.
 B = Non-inter-level travel time spent in this place.
 C = Inter-level travel time spent in this place.
 D = Time resting spent in this place.
 E = Time spent auto-exploring this place.
 F = Levels seen in this place.
 G = Mean time per level.
                   A        B        C        D        E       F      G
               +--------+--------+--------+--------+--------+-----+--------+
         Total |    216 |    216 |      0 |      0 |     49 |   2 |  108.0 |
       Dungeon |    216 |    216 |      0 |      0 |     49 |   2 |  108.0 |
               +--------+--------+--------+--------+--------+-----+--------+

Top non-repeatable levels by time:
     D:6: 146 daAuts
     D:5: 69 daAuts
